 Dungeon Crawl Stone Soup version 0.31.0-9-g3a7656b989 (webtiles) character file.

Game seed: 12900289114935220031

10868 Jase the Nimble (level 11, -14/89 HPs)
             Began as a Merfolk Shapeshifter on Jan 25, 2024.
             Was an Elder of Dithmenos.
             Killed by divine providence
             ... invoked by a smoke demon
             ... summoned by a kobold demonologist
              (17 damage)
             ... on level 10 of the Dungeon.
             The game lasted 00:34:52 (10757 turns).

Jase the Nimble (Merfolk Shapeshifter)             Turns: 10757, Time: 00:34:53

Health: -14/89     AC:  4    Str: 16    XL:     11   Next: 68%
Magic:  14/14      EV: 28    Int:  9    God:    Dithmenos [****..]
Gold:   648        SH:  0    Dex: 17    Spells: 6/10 levels left

rFire   . .          .
                       - Unarmed
rCold   . . .        (shield currently unavailable)
rNeg    . . .        a - melded +1 leather armour {rF+}
rPois   .            (no helmet)
rElec   .            (no cloak)
rCorr   .            (no gloves)
SInv    .            (no boots)
Will    .....        J - amulet of regeneration
Stlth   +            G - +4 ring of protection
HPRegen 1.14/turn    o - +5 ring of evasion
MPRegen 0.14/turn

%: no passive effects
@: flux-form, glowing, studying Alchemy
A: glow, contaminating, (nimble swimmer 2), mertail
a: Begin Untransformation, Renounce Religion, Shadow Step


You were on level 10 of the Dungeon.
You worshipped Dithmenos.
Dithmenos was greatly pleased with you.
You were something dangerously unstable.
You visited 2 branches of the dungeon, and saw 11 of its levels.
You also visited: Ossuary.

You collected 648 gold pieces.

Inventory:

Missiles
 b - 2 boomerangs
 x - 11 poisoned darts (quivered)
 H - a throwing net
 K - a curare-tipped dart
Armour
 a - a +1 leather armour of fire resistance (melded)
Jewellery
 o - a +5 ring of evasion (right hand)
 A - a ring of see invisible
 F - a ring of protection from cold
 G - a +4 ring of protection (left hand)
 J - an amulet of regeneration (around neck)
Talismans
 c - a beast talisman
 d - a flux talisman (active)
Wands
 q - a wand of paralysis (3)
 y - a wand of mindburst (8)
 E - a wand of roots (20)
Scrolls
 f - 2 scrolls of immolation {unknown}
 g - 2 scrolls of noise {unknown}
 h - 2 scrolls of fear {unknown}
 j - 3 scrolls of blinking {unknown}
 k - a scroll of poison
 l - 2 scrolls of teleportation {unknown}
 n - a scroll of enchant weapon
 p - a scroll of acquirement {unknown}
 r - a scroll of vulnerability {unknown}
 u - 2 scrolls of fog {unknown}
 v - 2 scrolls of amnesia {unknown}
 C - a scroll of enchant armour {unknown}
 I - a scroll of butterflies {unknown}
Potions
 e - a potion of attraction
 i - 7 potions of curing
 m - a potion of haste
 s - 2 potions of enlightenment
 t - 2 potions of mutation
 w - 5 potions of brilliance
 z - 2 potions of resistance
 B - 4 potions of lignification
 D - 2 potions of might
 L - a potion of heal wounds


   Skills:
 + Level 9.6 Fighting
 + Level 11.6 Dodging
 - Level 3.0 Stealth
 + Level 10.1 Unarmed Combat
 - Level 5.0 Invocations
 + Level 11.2 Shapeshifting


You had 6 spell levels left.
You knew the following spells:

 Your Spells              Type           Power      Damage    Failure   Level
a - Olgreb's Toxic Radia  Alch           0%         N/A       99%         4

Your spell library contained the following spells:

 Spells                   Type           Power      Damage    Failure   Level
 Apportation              Tloc           0%         N/A       38%         1
 Necrotise                Necr           0%         1d4       38%         1
 Sting                    Conj/Alch      0%         1d3       38%         1
 Summon Small Mammal      Summ           0%         N/A       38%         1
 Ensorcelled Hibernation  Hex/Ice        0%         N/A       52%         2
 Mercury Vapours          Alch/Air       0%         N/A       52%         2
 Sublimation of Blood     Necr           0%         N/A       52%         2
 Fugue of the Fallen      Necr           0%         N/A       77%         3
 Gell's Gravitas          Tloc           0%         N/A       77%         3
 Ozocubu's Armour         Ice            0%         N/A       77%         3
 Passwall                 Erth           0%         N/A       77%         3
 Swiftness                Air            0%         N/A       77%         3
 Teleport Other           Tloc           0%         N/A       77%         3
 Manifold Assault         Tloc           0%         N/A       99%         4
 Petrify                  Alch/Erth      0%         N/A       99%         4
 Irradiate                Conj/Alch      0%         3d11      100%        5
 Iskenderun's Battlesphe  Conj           0%         2d6       100%        5
 Bombard                  Conj/Erth      0%         9d1       100%        6
 Dispersal                Tloc           0%         N/A       100%        6
 Spellforged Servitor     Conj/Summ      0%         N/A       100%        7


Dungeon Overview and Level Annotations

Branches:
Dungeon (10/15)            Temple (1/1) D:5            Lair (0/5) D:9
    Orc (0/2) D:9         Ossuary (visited)

Altars:
Cheibriados
Dithmenos
Elyvilon
Fedhas
Makhleb
Nemelex Xobeh
Okawaru
Qazlal
Ru
Sif Muna
Vehumet
Wu Jian
Xom
Yredelemnul
Zin
The Shining One

Shops:
D:6 =   D:10 *

Annotations:
D:6 9 exclusions
D:8 3 runed translucent doors


Innate Abilities, Weirdness & Mutations

You are something dangerously unstable.
You glow with magical radiation, making you easy to see and hit.
Foes you strike become dangerously contaminated with magical radiation.
You are incapable of wielding weapons or throwing items.
((You are very nimble when in or above water. (Stealth+, EV+, Speed+++)))
Your lower body shifts to a powerful aquatic tail in water.


Message History

The kobold demonologist shudders as magic cascades through it.
The kobold demonologist twists and deforms.
The kobold demonologist is moderately wounded.
The kobold brigand misses you. The sun demon misses you.
Unknown command.
You barely miss the kobold demonologist.
The kobold demonologist is moderately wounded.
The crimson imp closely misses you. The white imp misses you.
The kobold demonologist hits you with a +0 dagger.
The kobold brigand closely misses you. The sun demon closely misses you.
Unknown command.
You hit the kobold demonologist.
The kobold demonologist begins to glow.
The kobold demonologist is moderately wounded.
The crimson imp completely misses you. The white imp barely misses you.
The kobold demonologist looks encouraged for a moment.
Unknown command.
You barely miss the kobold demonologist.
The kobold demonologist is moderately wounded.
The sun demon misses you.
The kobold brigand completely misses you.
The crimson imp blinks!
The white imp gestures at you. The puff of frost hits you!
The kobold demonologist gestures wildly while chanting.
You barely miss the kobold demonologist.
The kobold demonologist is moderately wounded.
The sun demon completely misses you.
The kobold brigand hits you with a +0 short sword of protection.
The ufetubus completely misses you. The ufetubus barely misses you.
The white imp barely misses you. The kobold demonologist misses you.
Unknown command.
You barely miss the kobold demonologist.
The kobold demonologist is moderately wounded.
The sun demon hits you!!
* * * LOW HITPOINT WARNING * * *
You are engulfed in flames!!
* * * LOW HITPOINT WARNING * * *
The smoke demon gestures at you. Something smites you!
You die...

.............##...#
.........##.##....##
.............#)....#######
...........#..###.#...#...
...........#..###)#...#...
..............##∩.##......
..........#...###.#.......
........53#$..###.........
#...(..$KpK)..............
.#......5##............... ##
......3.###...............
$.#####........#.................
...#......5...>........#.........
..$........#...........#.........
...........#...................#.
}.....<...~~.K..............#####
..........♣K....>........#.#


You could see a sun demon (summoned), a kobold demonologist (contam, misshapen),
a smoke demon (summoned), a kobold brigand, a crimson imp (summoned), a white
imp (summoned) and an ufetubus (summoned).

Vanquished Creatures
  A two-headed ogre (D:10)
  A centaur warrior (D:9)
  2 deep elf pyromancers (D:7)
  Pikel (D:6)
  A cyclops (D:9)
  Joseph (D:7)
  Jeremiah (D:7)
  An unseen horror (D:10)
  3 komodo dragons (D:9)
  2 kobold demonologists (D:10)
  A troll (D:7)
  3 wyverns
  A wraith (D:10)
  2 yaks (D:9)
  A basilisk (D:9)
  2 steam dragons
  Edmund (D:4)
  A sky beast (D:8)
  2 black bears
  6 orc warriors
  2 ogres
  2 centaurs
  5 kobold brigands
  2 phantoms
  2 gnoll sergeants (D:8)
  4 bullfrogs
  A scorpion (D:5)
  5 wights
  18 killer bees
  3 jellies
  A centaur skeleton (Ossuary)
  2 gnoll boudas
  8 orc priests
  A spectral scorpion (Ossuary)
  2 hounds
  A sleepcap (D:6)
  2 iguanas (D:5)
  3 orc wizards
  Ijyb (D:5)
  A statue (D:7)
  A crocodile zombie (Ossuary)
  An ogre skeleton (Ossuary)
  9 mummies (Ossuary)
  4 adders
  19 gnolls
  2 shadow imps
  2 white imps
  2 dart slugs
  34 orcs
  8 bats
  4 endoplasms
  3 giant cockroaches (D:3)
  14 goblins
  3 hobgoblins
  4 jackals (D:2)
  8 kobolds
  6 quokkas
  5 ball pythons
  3 frilled lizards
  3 gnoll skeletons (Ossuary)
  3 kobold skeletons (Ossuary)
  5 rats
  10 spectral rats (Ossuary)
253 creatures vanquished.

Vanquished Creatures (others)
  A yak (D:10)
  A kobold (D:10)
2 creatures vanquished.

Grand Total: 255 creatures vanquished

Notes
Turn   | Place    | Note
-------+----------+-------------------------------------------
     0 | D:1      | Jase the Merfolk Shapeshifter began the quest for the Orb.
     0 | D:1      | Reached XP level 1. HP: 15/15 MP: 1/1
    94 | D:1      | Reached XP level 2. HP: 21/21 MP: 2/2
   973 | D:2      | Reached XP level 3. HP: 22/27 MP: 3/3
  1710 | D:3      | Reached XP level 4. HP: 33/33 MP: 4/4
  2377 | D:4      | Noticed Edmund
  2563 | D:4      | Found a stormy altar of Qazlal.
  2781 | D:4      | Reached XP level 5. HP: 39/39 MP: 5/5
  2802 | D:4      | Reached skill level 5 in Shapeshifting
  2931 | D:4      | Killed Edmund
  2932 | D:4      | Reached XP level 6. HP: 15/47 MP: 6/6
  3263 | D:4      | Reached skill level 5 in Dodging
  3454 | D:5      | Entered Level 5 of the Dungeon
  3533 | D:5      | Reached skill level 5 in Unarmed Combat
  3575 | D:5      | Reached XP level 7. HP: 30/53 MP: 4/7
  3774 | D:5      | Noticed Ijyb
  3782 | D:5      | Paralysed by Ijyb for 5 turns
  3791 | D:5      | Killed Ijyb
  4149 | D:5      | Reached skill level 1 in Stealth
  4409 | D:5      | Found a staircase to the Ecumenical Temple.
  4415 | Temple   | Entered the Ecumenical Temple
  4428 | Temple   | Became a worshipper of Dithmenos the Shadowed
  4478 | D:5      | Noticed a wyvern
  4502 | D:5      | Killed a wyvern
  4503 | D:5      | Reached XP level 8. HP: 40/61 MP: 5/8
  4722 | D:6      | Found Jich's Jewellery Boutique.
  4860 | D:6      | Found a sand-covered staircase.
  4874 | Ossuary  | Entered an ossuary
  4898 | Ossuary  | Reached skill level 5 in Fighting
  5078 | Ossuary  | Reached * piety under Dithmenos
  5495 | Ossuary  | Found a basalt altar of Yredelemnul.
  5799 | D:7      | Noticed Pikel
  5821 | D:6      | Killed Pikel
  5822 | D:6      | Reached XP level 9. HP: 69/69 MP: 8/10
  5920 | D:7      | Noticed Jeremiah
  5980 | D:7      | Noticed a deep elf pyromancer
  5999 | D:7      | Killed a deep elf pyromancer
  6244 | D:7      | Found a radiant altar of Vehumet.
  6445 | D:7      | Learned a level 4 spell: Olgreb's Toxic Radiance
  6721 | D:7      | Reached ** piety under Dithmenos
  6924 | D:7      | Noticed a troll
  6925 | D:7      | Noticed a deep elf pyromancer
  6934 | D:7      | Killed a troll
  6944 | D:7      | Killed a deep elf pyromancer
  7096 | D:7      | Noticed Joseph
  7113 | D:7      | Killed Joseph
  7114 | D:7      | Reached XP level 10. HP: 17/79 MP: 3/13
  7379 | D:7      | Killed Jeremiah
  8522 | D:8      | Reached skill level 5 in Invocations
  8608 | D:8      | Found a runed translucent gate.
  8609 | D:8      | Found a runed translucent gate.
  8609 | D:8      | Noticed a purple ugly thing
  8609 | D:8      | Noticed a brown ugly thing
  8610 | D:8      | Found a runed translucent gate.
  8610 | D:8      | Noticed a red ugly thing
  8610 | D:8      | Noticed a white ugly thing
  8612 | D:8      | Noticed a red ugly thing
  8612 | D:8      | Noticed a glowing orange brain
  9225 | D:9      | Reached *** piety under Dithmenos
  9330 | D:9      | Noticed a cyclops
  9337 | D:9      | Killed a cyclops
  9368 | D:9      | Reached skill level 10 in Dodging
  9427 | D:9      | Found a staircase to the Orcish Mines.
  9637 | D:9      | Reached skill level 10 in Shapeshifting
  9712 | D:9      | Reached XP level 11. HP: 87/87 MP: 14/14
 10020 | D:9      | Noticed a centaur warrior
 10102 | D:9      | Killed a centaur warrior
 10152 | D:9      | Found a staircase to the Lair.
 10399 | D:10     | Entered Level 10 of the Dungeon
 10556 | D:10     | Noticed a two-headed ogre
 10566 | D:10     | Killed a two-headed ogre
 10566 | D:10     | Reached **** piety under Dithmenos
 10601 | D:10     | Reached skill level 10 in Unarmed Combat
 10616 | D:10     | Found Piopsidd's Assorted Antiques.
 10672 | D:10     | Noticed a sun demon
 10743 | D:10     | Noticed a sun demon
 10757 | D:10     | HP: 3/89 [sun demon[a kobold demonologist] (19)]
 10757 | D:10     | Killed from afar by a smoke demon

Illustrated notes

Levels and vault maps discovered:
D:1:      roderic_crossed_star, layout_basic
D:2:      layout_basic, nicolae_twisty_statue_hallways
D:3:      layout_loops_ring, serial_bayou_pond_e
D:4:      layout_loops_ring, nicolae_overflow_hidden_temple,
          nicolae_figureground_pulse, uniq_edmund
D:5:      layout_cave_pools, minmay_temple_entry_fiery, minivault_4,
          minmay_misc_feat_alley, minmay_manual_mess, uniq_ijyb
D:6:      layout_cave_pools, serial_shops, shop, nicolae_ossuary_entry_ruins
D:7:      minmay_cornered_nines, layout_basic, vehumet_statue,
          nicolae_benzene_ring, serial_bayou_pond_a, uniq_jeremiah, uniq_joseph,
          uniq_pikel
D:8:      layout_basic, ploomutoo_gammafunk_ghost_potion_laboratory
D:9:      layout_rooms, erik_lair_dragon, erik_orc_3
D:10:     layout_cave_pools, chequers_temple_overflow_minitemple,
          nicolae_uskayaw_dance_studio, serial_shops,
          nicolae_shop_just_a_little_nook, serial_bayou_pond_d
Temple:   nicolae_temple_great_sept

Skill      XL: |  1  2  3  4  5  6  7  8  9 10 11 |
---------------+----------------------------------+-----
Dodging        | 3 4 5 6 7 9 10 11 | 11.6
Fighting       | 2 3 4 5 7 8 9 |  9.6
Unarmed Combat | 4 5 6 7 9 10 | 10.1
Shapeshifting  | 5 6 7 8 10 11 | 11.2
Stealth        | 2 3 |  3.0
Invocations    | 2 4 5 |  5.0

Action                     |  1- 3 |  4- 6 |  7- 9 | 10-12 || total
---------------------------+-------+-------+-------+-------++-------
  Melee: Unarmed           |    93 |   147 |   294 |   459 ||   993
         Punch             |     2 |     3 |     5 |       ||    10
  Evoke: Wand              |       |       |       |     4 ||     4
    Use: Potion            |       |     1 |     4 |     2 ||     7
         Scroll            |       |     4 |     4 |     3 ||    11
   Stab: Sleeping          |     3 |     2 |     6 |       ||    11
         Distracted        |       |       |     2 |       ||     2
 Armour: Animal skin       |    34 |    47 |    43 |       ||   124
         Skin              |       |    11 |    18 |   115 ||   144
  Dodge: Dodged            |    59 |    95 |   179 |   523 ||   856
   Form: Flux              |       |       |     2 |     1 ||     3
         Beast             |       |       |     1 |     1 ||     2
